 Dungeon Crawl Stone Soup version 0.26.0-15-gc6cd9f700b (webtiles) character file.

Game seed: 7143796150893301645

116918 trckry the Brawler (level 16, -5/145 HPs)
             Began as a Green Draconian Transmuter on Jan 16, 2021.
             Was the Champion of Wu Jian.
             Slain by a large abomination (26 damage)
             ... on level 3 of the Abyss.
             The game lasted 02:02:34 (40241 turns).

trckry the Brawler (Green Draconian Transmuter)    Turns: 40241, Time: 02:02:35

Health: -5/145     AC: 19    Str: 23    XL:     16   Next: 22%
Magic:  27/27      EV: 16    Int: 27    God:    Wu Jian [******]
Gold:   3633       SH: 10    Dex: 12    Spells: 7/30 levels left

rFire    + . .     SeeInvis +     - Unarmed
rCold    . . .     Faith    .   J - +0 buckler
rNeg     . . .     Spirit   .   (armour unavailable)
rPois    +         Reflect  +   H - +0 hat {SInv}
rElec    .         Harm     .   X - +1 cloak "Liuhao" {Int+6}
rCorr    .         Rampage  .   b - +2 pair of gloves {Str+3}
Will     +....                  t - +0 pair of boots "Kaupp" {rF+ Slay+2}
Stlth    +.........             D - amulet of reflection
HPRegen  0.34/turn              M - +6 ring of strength
MPRegen  0.20/turn              f - +4 ring of protection

@: studying Earth Magic
A: breathe noxious fumes, unfitting armour, stinger 1, clever 1, poison
resistance, robust 1, cold-blooded, AC +9
a: Breathe Noxious Fumes, Renounce Religion, Wall Jump, Serpent's Lash, Heavenly
Storm


You were on level 3 of the Abyss.
You worshipped Wu Jian.
Wu Jian was exalted by your worship.
You visited 5 branches of the dungeon, and saw 25 of its levels.
You visited the Abyss 2 times.
You also visited: Sewer and Gauntlet.

You collected 3834 gold pieces.
You spent 201 gold pieces at shops.

Inventory:

Missiles
 a - 22 silver javelins
 r - 7 throwing nets
 U - 14 curare-tipped darts (quivered)
Armour
 b - a +2 pair of gloves of strength (worn)
 t - the +0 pair of boots "Kaupp" (worn) {rF+ Slay+2}
   (You found it on level 8 of the Dungeon)

   It affects your accuracy and damage with ranged weapons and melee attacks
   (+2).
   It protects you from fire.
 H - a +0 hat of see invisible (worn)
 J - a +0 buckler (worn)
 X - the +1 cloak "Liuhao" (worn) {Int+6}
   (You found it in a Gauntlet)

   It affects your intelligence (+6).
Jewellery
 e - an uncursed ring of willpower
 f - a +4 ring of protection (right hand)
 m - an uncursed ring of protection from fire
 x - an uncursed ring of protection from cold
 D - an amulet of reflection (around neck)
 M - a +6 ring of strength (left hand)
Wands
 n - a wand of acid (5)
 u - a wand of digging (12)
 y - a wand of flame (43)
 E - a wand of disintegration (22)
 N - a wand of random effects (42)
 T - a wand of iceblast (34)
Scrolls
 c - 10 scrolls of remove curse
 d - 4 scrolls of enchant armour
 i - 8 scrolls of enchant weapon
 o - 16 scrolls of identify
 p - 2 scrolls of amnesia
 s - 2 scrolls of magic mapping
 w - 4 scrolls of immolation
 A - 4 scrolls of teleportation
 G - a scroll of brand weapon
 P - 3 scrolls of fog
 R - a scroll of torment
 S - 2 scrolls of fear
Potions
 g - 3 potions of might
 j - 3 potions of mutation
 k - 3 potions of flight
 l - 9 potions of curing
 v - a potion of heal wounds
 z - 3 potions of ambrosia
 C - 3 potions of haste
 F - a potion of magic
 I - 2 potions of lignification
 K - 2 potions of berserk rage
 Q - 2 potions of attraction
 Y - a potion of cancellation
Books
 W - a manual of Earth Magic
Miscellaneous
 h - a box of beasts
 q - a tin of tremorstones (2/2)
 V - a condenser vane


   Skills:
 + Level 9.3 Fighting
 + Level 7.8 Dodging
 - Level 4.0 Shields
 * Level 15.9 Unarmed Combat
 + Level 7.8 Spellcasting
 + Level 0.1 Conjurations
 * Level 13.5 Transmutations
 - Level 10.2 Fire Magic
 * Level 7.5 Earth Magic
 - Level 10.0 Evocations


You had 7 spell levels left.
You knew the following spells:

 Your Spells              Type           Power        Failure   Level
a - Beastly Appendage     Tmut           100%         1%          1
b - Blade Hands           Tmut           35%          1%          5
c - Ignite Poison         Fire/Tmut/Pois 52%          1%          3
d - Passwall              Tmut/Erth      50%          1%          2
e - Hydra Form            Tmut           35%          3%          6
f - Statue Form           Tmut/Erth      40%          11%         6

Your spell library contained the following spells:

 Spells                   Type           Power        Failure   Level
 Sting                    Tmut/Pois      100%         1%          1
 Wereblood                Tmut           70%          1%          2
 Spider Form              Tmut/Pois      23%          1%          3
 Petrify                  Tmut/Erth      61%          1%          4
 Ice Form                 Ice/Tmut       47%          3%          4
 Animate Skeleton         Necr           20%          5%          1
 Pain                     Necr           40%          5%          1
 Shock                    Conj/Air       44%          5%          1
 Ensorcelled Hibernation  Hex/Ice        20%          9%          2
 Poisonous Vapours        Pois/Air       20%          9%          2
 Slow                     Hex            10%          9%          2
 Irradiate                Conj/Tmut      23%          9%          5
 Yara's Violent Unravell  Hex/Tmut       23%          10%         5
 Bolt of Magma            Conj/Fire/Erth 21%          13%         5
 Confusing Touch          Hex            10%          16%         3
 Gell's Gravitas          Tloc           5%           16%         3
 Mephitic Cloud           Conj/Pois/Air  10%          16%         3
 Static Discharge         Conj/Air       11%          16%         3
 Tukima's Dance           Hex            10%          16%         3
 Vampiric Draining        Necr           5%           16%         3
 Fireball                 Conj/Fire      19%          19%         5
 Animate Dead             Necr           5%           47%         4
 Cause Fear               Hex            5%           47%         4
 Olgreb's Toxic Radiance  Pois           10%          47%         4
 Starburst                Conj/Fire      19%          69%         6
 Iskenderun's Battlesphe  Conj           11%          80%         5
 Lightning Bolt           Conj/Air       5%           82%         5
 Agony                    Necr           10%          83%         5
 Metabolic Englaciation   Hex/Ice        5%           83%         5
 Silence                  Hex/Air        5%           83%         5
 Iron Shot                Conj/Erth      15%          86%         6
 Conjure Ball Lightning   Conj/Air       5%           100%        6
 Orb of Destruction       Conj           5%           100%        7
 Spellforged Servitor     Conj/Summ      5%           100%        7
 Ignition                 Fire           30%          99%         8
 Discord                  Hex            5%           100%        8
 Shatter                  Erth           25%          100%        9
 Tornado                  Air            5%           100%        9


Dungeon Overview and Level Annotations

Branches:
Dungeon (15/15)            Temple (1/1) D:7            Lair (6/6) D:11
 Shoals (1/4) Lair:2        Snake (0/4) Lair:3        Slime (0/5) Lair:5
    Orc (2/2) D:10            Elf (0/3) Orc:2        Vaults (0/5) D:14
 Depths (0/5) D:15          Sewer (visited)         Gauntlet (visited)

Altars:
Ashenzari
Cheibriados
Dithmenos
Elyvilon
Fedhas
Gozag
Hepliaklqana
Kikubaaqudgha
Makhleb
Nemelex Xobeh
Okawaru
Qazlal
Ru
Sif Muna
Trog
Uskayaw
Vehumet
Wu Jian
Xom
Yredelemnul
Zin
The Shining One
Beogh
Jiyva

Shops:
D:4 :   D:9 (   D:10 (*   Orc:2 ?:*=

Annotations:
D:14 1 runed translucent door
D:15 exclusions: ice statue and obsidian statue
Lair:6 3 runed translucent doors, Hiezim's ghost, journeyman DECj; Razfen's ghost, journeyman GnWn


Innate Abilities, Weirdness & Mutations

You can breathe blasts of noxious fumes.
Your lurid green scales are hard. (AC +9)
You cannot fit into any form of body armour.
Your tail ends in a poisonous barb.
Your system is resistant to poisons. (rPois)
You are cold-blooded and may be slowed by cold attacks.
Your mind is acute. (Int +2)
You are robust. (+10% HP)


Message History

The iron imp disappears in a puff of smoke!
A sun demon comes into view.
Your hands revert to their normal proportions.
Your +2 pair of gloves of strength unmelds from your body.
Your +0 buckler unmelds from your body.
You feel stronger.
A large abomination comes into view.
Found a gateway leading deeper into the Abyss.
An orange demon comes into view.
A starcursed mass comes into view.
A large abomination comes into view.
A starcursed mass splits.
A starcursed mass splits.
You spin and attack the large abomination.
You hit the large abomination but do no damage.
You tail-slap the large abomination, but do no damage.
A chorus of shrieks assaults your mind.
* * * LOW HITPOINT WARNING * * *
The large abomination hits you!!
You die...

#..... .#..# #
..#..#..#.# #.#
.######.#.. #
#...#....## .#
#.....#....#...
#
#4#..##..>....#
#..#.###..###
#.. #.X...#...
### #.@#.#..#.
#.#.# ..#
..X... ##
..#.X#### ..
.X# # ..# .#. .


You could see 2 starcursed masses and a large abomination.

Vanquished Creatures
  A tentacled starspawn (Abyss:2)
  Gastronok (D:11)
  Kirke (D:12)
  Louise (D:14)
  A lorocyproca (Abyss:2)
  An entropy weaver (Gauntlet)
  A minotaur (Gauntlet)
  Josephine (Orc:1)
  Erolcha (D:13)
  2 rakshasas (Abyss:2)
  7 hydras
  Harold (Lair:2)
  A boulder beetle (Lair:6)
  5 vault guards (D:14)
  3 two-headed ogres
  2 centaur warriors
  A hell hog (Abyss:2)
  5 orc high priests (Orc:2)
  A thrashing horror (Abyss:2)
  A wretched star (Abyss:2)
  Sonja (Lair:6)
  2 unseen horrors
  2 skeletal warriors (D:15)
  A sea snake (Shoals:1)
  A flayed ghost (D:15)
  A glowing orange brain (Abyss:2)
  An orc knight (D:15)
  3 wizards
  An orc sorcerer (Orc:1)
  A necromancer (D:15)
  A wolf spider zombie (D:15)
  3 manticores
  2 deep elf magi
  A wolf spider (Gauntlet)
  17 ugly things
  4 cyclopes
  12 elephants
  2 torpor snails
  A stone giant skeleton (D:15)
  A smoke demon (Abyss:2)
  2 orange demons (Abyss:2)
  5 black mambas
  24 cane toads
  A yaktaur zombie (D:15)
  2 gargoyles (D:14)
  10 rime drakes
  A spriggan zombie (D:15)
  A freezing wraith (D:15)
  5 yaktaurs (D:15)
  2 efreet
  A tengu conjurer (D:15)
  13 komodo dragons
  4 trolls
  A polar bear (Lair:6)
  4 tyrant leeches
  An ancient zyme (Abyss:3)
  2 jumping spiders (Gauntlet)
  A wind drake (Lair:2)
  2 hornets (D:13)
  19 blink frogs
  A deep troll zombie (D:15)
  9 raiju (Abyss:2)
  12 dream sheep
  9 slime creatures
  Grinder (D:3)
  2 shadows
  3 starcursed masses (Abyss:2)
  9 wraiths
  50 yaks
  5 wyverns
  Sigmund (D:3)
  2 vampires
  3 fire bats
  4 hogs (D:12)
  A human (D:14)
  8 basilisks
  A neqoxec (Abyss:3)
  16 vampire mosquitoes
  3 large abominations (Abyss:2)
  A chaos spawn (Abyss:2)
  3 nagas (Lair:3)
  Edmund (D:4)
  A soldier ant (D:15)
  13 wargs
  An acid dragon (D:14)
  A hell hound (Gauntlet)
  18 water moccasins
  2 ice beasts
  4 black bears
  3 hornet zombies
  20 orc warriors
  An eye of draining (D:8)
  3 phantoms
  6 sky beasts
  10 ogres
  3 necrophages (D:9)
  12 wolves
  11 centaurs
  3 big kobolds
  39 bullfrogs
  3 small abominations (Abyss:2)
  A gnoll sergeant (D:5)
  A wyvern zombie (D:9)
  3 wyvern skeletons
  A hornet simulacrum (D:14)
  4 scorpions
  11 killer bees
  A troll zombie (D:9)
  9 wights
  6 howler monkeys
  7 electric eels
  A lava snake (Lair:6)
  2 centaur zombies
  3 bullfrog zombies
  2 quasits
  6 jellies
  6 hounds
  35 orc priests
  4 centaur skeletons
  A gnoll shaman (D:10)
  2 human zombies (D:9)
  Ijyb (D:3)
  A human skeleton (D:9)
  An iguana (D:6)
  Natasha (twice) (D:3)
  9 worker ants
  30 orc wizards
  4 hell rats (Lair:5)
  A killer bee zombie (D:9)
  3 hound skeletons
  3 mummies (D:9)
  2 worker ant zombies
  2 howler monkey skeletons
  19 gnolls
  14 adders
  2 river rats (Sewer)
  2 white imps
  3 ufetubi
  An ooze (D:6)
  An adder skeleton (D:4)
  An adder zombie (D:10)
  3 worms
  3 dart slugs (D:2)
  7 leopard geckos
  83 orcs
  7 giant cockroaches
  8 goblins
  7 hobgoblins
  12 jackals
  6 quokkas
  7 bats
  3 frilled lizards
  15 kobolds
  A leopard gecko skeleton (D:5)
  A leopard gecko zombie (D:5)
  2 quokka skeletons
  11 rats
880 creatures vanquished.

Vanquished Creatures (collateral kills)
  An orc (D:4)
1 creature vanquished.

Vanquished Creatures (others)
  2 orcs (D:12)
  46 fungi
  145 plants
  7 withered plants
200 creatures vanquished.

Grand Total: 1081 creatures vanquished

Notes
Turn   | Place    | Note
-------+----------+-------------------------------------------
     0 | D:1      | trckry the Draconian Transmuter began the quest for the
                  | Orb.
     0 | D:1      | Reached XP level 1. HP: 16/16 MP: 3/3
   124 | D:1      | Reached XP level 2. HP: 20/23 MP: 5/5
   779 | D:2      | Found an iron altar of Okawaru.
   905 | D:2      | Reached XP level 3. HP: 27/28 MP: 4/6
  1239 | D:2      | Reached skill level 4 in Unarmed Combat
  1246 | D:2      | Reached XP level 4. HP: 32/35 MP: 7/7
  1707 | D:3      | Found a glowing drain.
  1735 | Sewer    | Entered a sewer
  1896 | Sewer    | Noticed a big kobold
  1936 | Sewer    | Reached XP level 5. HP: 40/40 MP: 6/8
  2080 | Sewer    | Found a glowing silver altar of Zin.
  2194 | D:3      | Reached skill level 5 in Unarmed Combat
  2563 | D:3      | Noticed Natasha
  2596 | D:3      | HP: 4/40 [Natasha (3)]
  2597 | D:3      | Killed Natasha
  2598 | D:3      | Reached XP level 6. HP: 5/47 MP: 9/9
  2600 | D:3      | Gained mutation: Your mind is acute. (Int +2) [potion of
                  | mutation]
  2600 | D:3      | Gained mutation: Scrolls take you a little longer to read.
                  | [potion of mutation]
  2600 | D:3      | Gained mutation: You are robust. (+10% HP) [potion of
                  | mutation]
  2600 | D:3      | Lost mutation: Scrolls take you a little longer to read.
                  | [potion of mutation]
  3400 | D:3      | Reached skill level 5 in Transmutations
  3602 | D:3      | Noticed Sigmund
  3805 | D:3      | Killed Sigmund
  3806 | D:3      | Reached skill level 1 in Evocations
  3806 | D:3      | Your scales start taking on a lurid green colour.
  3806 | D:3      | Reached XP level 7. HP: 38/57 MP: 8/10
  3806 | D:3      | Gained mutation: Your system is resistant to poisons.
                  | (rPois) [Green Draconian growth]
  3933 | D:3      | Found a blossoming altar of Fedhas.
  3937 | D:3      | Found a shimmering altar of Xom.
  3937 | D:3      | Found a snail-covered altar of Cheibriados.
  3937 | D:3      | Noticed Grinder
  3955 | D:3      | Killed Grinder
  3956 | D:3      | Reached skill level 6 in Unarmed Combat
  4078 | D:3      | Found a glowing silver altar of Zin.
  4082 | D:3      | Found a bloodstained altar of Trog.
  4136 | D:3      | Found a shimmering blue altar of Sif Muna.
  4186 | D:3      | Noticed Ijyb
  4221 | D:3      | Killed Ijyb
  4287 | D:3      | Noticed Natasha
  4293 | D:3      | Killed Natasha
  4599 | D:4      | Found a radiant altar of Vehumet.
  4716 | D:4      | Noticed Edmund
  4754 | D:4      | Killed Edmund
  4755 | D:4      | Reached XP level 8. HP: 35/64 MP: 11/11
  4906 | D:4      | Found Osmixypacw's Book Emporium.
  5115 | D:4      | Reached skill level 7 in Unarmed Combat
  5340 | D:4      | Found a broken altar of Ashenzari.
  5579 | D:5      | Entered Level 5 of the Dungeon
  6634 | D:6      | Reached skill level 8 in Unarmed Combat
  6974 | D:6      | Reached XP level 9. HP: 48/70 MP: 12/12
  7791 | D:6      | Reached skill level 9 in Unarmed Combat
  8347 | D:7      | Reached skill level 5 in Evocations
  8563 | D:7      | Found a staircase to the Ecumenical Temple.
  9103 | D:8      | Noticed a wizard
  9136 | D:8      | Killed a wizard
  9137 | D:8      | Reached XP level 10. HP: 51/78 MP: 13/13
  9146 | D:8      | Got a pair of slimy boots
  9292 | D:8      | Identified the +0 pair of boots "Kaupp" {rF+ Slay+2} (You
                  | found it on level 8 of the Dungeon)
  9413 | D:8      | Noticed a brown ugly thing
  9415 | D:8      | Reached skill level 10 in Unarmed Combat
  9767 | D:8      | Killed a brown ugly thing
  9941 | D:8      | Reached skill level 10 in Transmutations
 10068 | D:8      | Found an ancient bone altar of Kikubaaqudgha.
 10422 | D:8      | Learned a level 5 spell: Blade Hands
 10512 | Temple   | Entered the Ecumenical Temple
 11148 | D:9      | Found Jughohog's Weapon Shop.
 11357 | D:9      | Found a shadowy altar of Dithmenos.
 11616 | D:9      | Reached skill level 11 in Unarmed Combat
 11808 | D:9      | Found a basalt altar of Yredelemnul.
 11879 | D:9      | Found a burning altar of Makhleb.
 12093 | Temple   | Became a worshipper of the Wu Jian Council
 12199 | D:10     | Entered Level 10 of the Dungeon
 12281 | D:10     | Reached XP level 11. HP: 84/84 MP: 7/14
 12447 | D:10     | Found Udyanau's Assorted Antiques.
 12502 | D:10     | Bought a scroll labelled FAS ZOGUZUOST for 27 gold pieces
 13929 | D:10     | Found a staircase to the Orcish Mines.
 13929 | D:10     | Found Suyram's Weapon Emporium.
 14020 | D:10     | Reached * piety under Wu Jian
 14774 | D:11     | Found a staircase to the Lair.
 14902 | D:11     | Noticed a two-headed ogre
 14910 | D:11     | Killed a two-headed ogre
 14911 | D:11     | Reached skill level 12 in Unarmed Combat
 15160 | D:11     | Noticed Gastronok
 15175 | D:11     | Killed Gastronok
 15563 | D:12     | Noticed a two-headed ogre
 15571 | D:12     | Killed a two-headed ogre
 15604 | D:12     | Noticed a deep elf mage
 15839 | D:12     | Reached ** piety under Wu Jian
 15850 | D:12     | Reached XP level 12. HP: 93/96 MP: 12/16
 15894 | D:12     | Reached skill level 1 in Shields
 16422 | D:12     | Noticed Kirke
 16432 | D:12     | Killed Kirke
 16942 | D:12     | Learned a level 3 spell: Ignite Poison
 17007 | Lair:1   | Entered Level 1 of the Lair of Beasts
 17938 | Lair:1   | Reached skill level 13 in Unarmed Combat
 18019 | Lair:1   | Reached *** piety under Wu Jian
 18656 | Lair:2   | Reached skill level 1 in Fire Magic
 18776 | Lair:2   | Found a staircase to the Shoals.
 19205 | Lair:2   | Reached XP level 13. HP: 94/108 MP: 11/19
 19481 | Lair:2   | Noticed Harold
 19494 | Lair:2   | Killed Harold
 19495 | Lair:2   | Reached skill level 5 in Fighting
 20227 | Lair:3   | Reached **** piety under Wu Jian
 20419 | Lair:3   | Found a staircase to the Snake Pit.
 20468 | Lair:3   | Reached skill level 5 in Spellcasting
 21315 | Lair:3   | Reached skill level 5 in Dodging
 22061 | Lair:3   | Identified a scroll of acquirement
 22061 | Lair:3   | Acquired 581 gold pieces
 22545 | Lair:4   | Reached skill level 5 in Fire Magic
 23021 | Lair:4   | Reached skill level 14 in Unarmed Combat
 23893 | Lair:5   | Reached ***** piety under Wu Jian
 24545 | Lair:5   | Gained mutation: Your tail ends in a poisonous barb. [Green
                  | Draconian growth]
 24545 | Lair:5   | Reached XP level 14. HP: 97/122 MP: 16/22
 24799 | Lair:5   | Found a staircase to the Slime Pits.
 25656 | Lair:6   | Entered Level 6 of the Lair of Beasts
 26417 | Lair:6   | Reached skill level 10 in Evocations
 26423 | Lair:6   | Noticed Sonja
 26439 | Lair:5   | HP: 11/124 [cane toad (24)]
 26446 | Lair:5   | HP: 10/124 [poisoned by a cane toad]
 26454 | Lair:5   | HP: 10/124 [poisoned by a cane toad]
 27012 | Lair:5   | HP: 8/124 [blink frog (12)]
 27354 | Lair:5   | HP: 5/124 [blink frog (14)]
 28628 | Lair:6   | Killed Sonja
 29452 | Lair:6   | Noticed Hiezim's ghost (journeyman DECj)
 29453 | Lair:6   | Noticed Razfen's ghost (journeyman GnWn)
 29455 | Lair:6   | Found a runed translucent gate.
 29953 | Lair:6   | Found a runed translucent gate.
 29953 | Lair:6   | Found a runed translucent gate.
 30826 | D:13     | Reached skill level 15 in Unarmed Combat
 30958 | D:13     | Noticed Erolcha
 30965 | D:13     | Killed Erolcha
 31605 | D:13     | Acquired 667 gold pieces
 31622 | D:14     | Found a gate leading to a gauntlet.
 31677 | Gauntlet | Entered a Gauntlet
 31677 | Gauntlet | Found a transporter.
 31677 | Gauntlet | Found a transporter.
 31751 | Gauntlet | Found a transporter.
 31751 | Gauntlet | Found a transporter.
 31754 | Gauntlet | Found a transporter.
 31764 | Gauntlet | Found a transporter.
 31829 | Gauntlet | Found a transporter.
 31839 | Gauntlet | Found a transporter.
 31854 | Gauntlet | Found a transporter.
 31868 | Gauntlet | Found a transporter.
 31879 | Gauntlet | Found a transporter.
 31885 | Gauntlet | Found a transporter.
 32007 | Gauntlet | Got a warped silver ring
 32090 | Gauntlet | Identified the ring "Qaptulup" {rPois MP+9} (You found it
                  | in a Gauntlet)
 32101 | Gauntlet | Reached XP level 15. HP: 42/133 MP: 19/25
 32108 | Gauntlet | HP: 11/133 [wolf spider (3)]
 32117 | Gauntlet | Identified the Volume of Destructive Enchantment
 32470 | Gauntlet | Identified the cursed +1 trident of the Wizarding King
                  | {vorpal, Str+6}
 32470 | Gauntlet | Identified the +5 ring mail of Free Expression {*Corrode
                  | *Drain rF+ rN+++}
 32496 | Gauntlet | Identified the Tome of Transmutation
 32497 | Gauntlet | Got a transparent pewter amulet
 32507 | Gauntlet | Got a faintly glowing cloak
 32516 | Gauntlet | Learned a level 2 spell: Passwall
 32673 | D:13     | Identified the amulet "Qeapny" {Inacc Will++ Int+4} (You
                  | found it in a Gauntlet)
 32688 | D:13     | Identified the +1 cloak "Liuhao" {Int+6} (You found it in a
                  | Gauntlet)
 32710 | D:14     | Found an iron altar of Okawaru.
 32739 | D:13     | Learned a level 6 spell: Hydra Form
 32746 | D:13     | Learned a level 6 spell: Statue Form
 32904 | D:14     | Reached skill level 1 in Earth Magic
 32983 | D:14     | Cast into level 2 of the Abyss (a wizard)
 33177 | Abyss:2  | Reached ****** piety under Wu Jian
 33267 | Abyss:2  | HP: 1/135 [large abomination (17)]
 33568 | Abyss:2  | Noticed a tentacled starspawn
 33576 | Abyss:2  | Killed a tentacled starspawn
 34078 | D:14     | Escaped the Abyss
 34450 | D:14     | Found a gate to the Vaults.
 34561 | D:14     | Found a glowing silver altar of Zin.
 34588 | D:14     | Noticed Louise
 34599 | D:14     | Killed Louise
 34894 | D:14     | Reached skill level 5 in Earth Magic
 34966 | D:14     | Found a glowing silver altar of Zin.
 34966 | D:14     | Noticed a daeva
 35214 | D:14     | Found a runed translucent door.
 35530 | Orc:1    | Entered Level 1 of the Orcish Mines
 35618 | Orc:1    | Noticed Josephine
 35631 | Orc:1    | Killed Josephine
 36066 | Orc:1    | Acquired a +2 pair of gloves of strength
 36077 | Orc:2    | Entered Level 2 of the Orcish Mines
 36091 | Orc:2    | Found a staircase to the Elven Halls.
 36276 | Orc:2    | Found a roughly hewn altar of Beogh.
 36684 | Orc:2    | Found a roughly hewn altar of Beogh.
 37282 | Orc:2    | Found Noicuz's Book Boutique.
 37323 | Orc:2    | Found Paybave's Magic Scroll Shoppe.
 37501 | Orc:2    | Bought a scroll of fog for 26 gold pieces
 37501 | Orc:2    | Bought a scroll of magic mapping for 45 gold pieces
 37501 | Orc:2    | Bought a scroll of fear for 45 gold pieces
 37562 | Orc:2    | Found Zisefef's General Store.
 37563 | Orc:2    | Found Verioqux's Jewellery Boutique.
 37696 | Orc:2    | Bought a cursed ring of teleportation for 58 gold pieces
 37877 | D:15     | Entered Level 15 of the Dungeon
 37913 | D:15     | Found a staircase to the Depths.
 37962 | D:15     | Reached skill level 10 in Fire Magic
 38352 | D:15     | Reached XP level 16. HP: 145/145 MP: 23/27
 38401 | D:15     | HP: 15/188 [yaktaur/bolt (29)]
 40048 | Shoals:1 | Entered Level 1 of the Shoals
 40060 | Shoals:1 | Cast into level 3 of the Abyss (faun)
 40107 | Abyss:3  | HP: 13/145 [spatial vortex[a shadow demon] (18)]
 40241 | Abyss:3  | Slain by a large abomination

Illustrated notes

Levels and vault maps discovered:
D:1:      amcnicky_arrival_single_pillar, layout_loops_cross,
          minmay_misc_feat_room, minmay_tromino_v4_c
D:2:      minmay_diamond_boxcup, layout_basic, nicolae_overflow_crystal_walls
D:3:      layout_basic, led_sif_book, minmay_overflow_temple_star_hex,
          portal_sewer_entry_f, uniq_ijyb, uniq_sigmund, uniq_grinder,
          uniq_natasha
D:4:      layout_loops_corners, lemuel_coloured_pillars_altar,
          evilmike_ruin_ashenzari, serial_shops, nicolae_shop_crystal,
          uniq_edmund
D:5:      layout_basic, corexii_shack, minmay_misc_feat_rows
D:6:      layout_loops_corners
D:7:      layout_rooms, minmay_temple_entry_water_ring
D:8:      cheibrodos_wizards_tower, layout_loops_ring, kennysheep_mini_moat
D:9:      layout_stronghold, nicolae_overflow_hidden_temple, lemuel_round_altar,
          lemuel_mausoleum_altar_yredelemnul, serial_shops, shop
D:10:     layout_basic, orc_david_3, serial_shops,
          nicolae_shop_overgrown_old_shop, kennysheep_generic_room_12
D:11:     layout_roguey, erik_lair_orcish_takeover, uniq_gastronok
D:12:     layout_rooms, uniq_kirke
D:13:     layout_irregular_city, uniq_erolcha
D:14:     layout_basic, grunt_vaults_entry_fortified, gauntlet_entry_generic,
          basic_altar, okawaru_ov_weapons_minmay,
          hangedman_decor_diamond_cutter, lemuel_angel_altar, uniq_louise
D:15:     gammafunk_depths_entry_grave, layout_basic, david_greed
Temple:   pf_slime_end_temple
Lair:1:   layout_cave_pods, beast_lair_carwin_4, grunt_megastairs_1,
          lemuel_fruit_fields
Lair:2:   layout_roguey, minmay_shoals_entry_beasts, hibernation_bobbens,
          uniq_harold
Lair:3:   layout_cave_pods, minmay_snake_entry_guardpost_small,
          columned_hall_lemuel
Lair:4:   layout_cave_pods, chequers_serial_rivers_micro_c
Lair:5:   layout_cave_pods, minmay_slime_entry_pillars
Lair:6:   minmay_lair_end_frog_pond, layout_gridlike, gammafunk_ghost_cemetery,
          lookout_lair_type, minmay_lair_drake_nest,
          infiniplex_staircase_pool_2, uniq_sonja
Shoals:1: layout_shoals, serial_shops, shop_scrolls, lightli_airlock
Orc:1:    layout_caves, statue_in_the_mist_lemuel, uniq_josephine
Orc:2:    st_orc_town, layout_caves, basic_altar, nooodl_orcs_dogs
Abyss:3:  base: Lair:5, evilmike_abyss_rune_ettins

Skill      XL: |  1  2  3  4  5  6  7  8  9 10 11 12 13 14 15 16 |
---------------+-------------------------------------------------+-----
Transmutations | 3 4 5 6 7 9 11 12 13 | 13.5
Unarmed Combat | 4 5 6 8 9 11 12 13 14 15 | 15.9
Evocations     | 1 2 4 5 6 8 9 10 | 10.0
Dodging        | 2 4 5 6 7 |  7.8
Fighting       | 2 4 6 8 9 |  9.3
Spellcasting   | 4 5 6 7 |  7.8
Shields        | 3 4 |  4.0
Fire Magic     | 2 5 8 10 | 10.2
Earth Magic    | 6 7 |  7.5
Conjurations   | |  0.1

Action                   |  1- 3 |  4- 6 |  7- 9 | 10-12 | 13-15 | 16-18 || total
-------------------------+-------+-------+-------+-------+-------+-------++-------
Melee: Unarmed           |   142 |   204 |   450 |   591 |  1208 |   172 ||  2767
       Tailslap          |    13 |    23 |    52 |    47 |    98 |    17 ||   250
       Kick              |     8 |    21 |    80 |    24 |     7 |       ||   140
       Headbutt          |     7 |    19 |    49 |    13 |     2 |       ||    90
       Dagger            |       |    18 |     9 |       |       |       ||    27
       Punch             |       |       |    10 |    23 |    25 |     4 ||    62
Throw: Dart              |       |       |       |       |     3 |       ||     3
 Cast: Beastly Appendage |     6 |    15 |    36 |    12 |     4 |       ||    73
       Blade Hands       |       |       |       |    63 |    83 |     3 ||   149
       Ignite Poison     |       |       |       |     3 |     9 |       ||    12
       Hydra Form        |       |       |       |       |    21 |     1 ||    22
Invok: Lunge             |       |       |       |    30 |    84 |    11 ||   125
       Whirlwind         |       |       |       |    12 |    85 |    14 ||   111
       Serpent's Lash    |       |       |       |       |     1 |       ||     1
 Abil: Breathe Noxious F |       |       |    33 |    26 |    26 |     1 ||    86
       Wall Jump         |       |       |       |       |     5 |       ||     5
       End Transformatio |       |       |       |       |     1 |       ||     1
Evoke: Wand              |       |       |     1 |     9 |    22 |       ||    32
  Use: Potion            |       |     3 |     3 |     4 |     7 |     1 ||    18
       Scroll            |       |       |    10 |     7 |    15 |     3 ||    35
 Stab: Confused          |       |       |    13 |     8 |     8 |       ||    29
       Paralysed         |       |       |     3 |     7 |     6 |       ||    16
       Sleeping          |       |       |     1 |     2 |     1 |     1 ||     5
Armor: Skin              |    68 |    71 |   153 |   181 |   247 |    49 ||   769
Dodge: Dodged            |   110 |   127 |   209 |   293 |   562 |    87 ||  1388
Block: Buckler           |       |       |       |       |    63 |    29 ||    92
       Other             |       |       |       |       |    41 |    14 ||    55
       Reflection        |       |       |       |       |     1 |     6 ||     7
